Cogmind - Beta 12 X4 @@@ ROGUE MODE // 2023.01.02 @ 03:46:04 Player: Cracklepappy Result: Destroyed by S-10 Pest with Light Assault Rifle Performance ------------- Evolutions (2) 1000 Regions Visited (9) 1800 Robots Destroyed (127) 635 Value Destroyed (3202) 3202 Prototype IDs (7) 140 Alien Tech Used (0) 0 Bonus (697) 697 TOTAL SCORE: 7474 Bonus ------- High Alert Combat Kills 497 Entered Garrisons 200 Cogmind --------- Core Integrity 0/550 Matter 4/300 Energy 29/100 System Corruption 6% Temperature Cool (0) Movement Core (100) Ox1 Location -8/Materials Parts ------- > --- POWER (1) -------- (None) > --- PROPULSION (2) --- (None) > --- UTILITY (5) ------ (None) > --- WEAPON (3) ------- Arc Projector > --- INVENTORY (5) ---- Humpback Authchip [R/Combat] Authchip [R/Combat] Peak State ------------ > --- POWER ------------ Heavy Ion Engine > --- PROPULSION ------- Armored Wheel > --- UTILITY ---------- Large Storage Unit Humpback Heavy Armor Plating > --- WEAPON ----------- Light Assault Rifle Heavy Assault Rifle Heavy Assault Rifle > --- INVENTORY -------- Improved Ion Engine Gravmag System Gravmag System Improved Heat Sink Improved Heat Sink Improved Heat Sink Improved Heat Sink Humpback Large Battery Advanced Targeting Computer Advanced Targeting Computer Authchip [R/NC] Authchip [R/Combat] Authchip [R/Combat] Authchip [R/Combat] Authchip [R/Combat] Authchip [R/Combat] Authchip [R/Combat] Authchip [R/Combat] Shock Rifle Arc Projector Arc Projector Arc Projector Arc Projector Gatling Laser Gatling Laser Gatling Laser Light Assault Rifle Light Assault Rifle Light Assault Rifle Mini Grenade Launcher Mini Grenade Launcher Remote Datajack [Rating: 29] Favorites ----------- Power Heavy Ion Engine Engine Heavy Ion Engine Propulsion Compact Wheel Wheel Compact Wheel Utility Large Storage Unit Device Seismic Detector Storage Large Storage Unit Processor Advanced Targeting Computer Protection Heavy Armor Plating Weapon Heavy Assault Rifle Energy Gun Spread Laser Energy Cannon Advanced Beam Cannon Ballistic Gun Heavy Assault Rifle Launcher Mini Grenade Launcher Build | -11 -10 -10 -9 -9 -9 -8 -8 -8 -8 ------- Run | Scr Mat Min Mat Min Exi Min Mat Gar Mat Slots Evolved 4 | . . . 2 . . . 2 . . Power . | . . . . . . . . . . Propulsion . | . . . . . . . . . . Utility 3 | . . . 1 . . . 2 . . Weapon 1 | . . . 1 . . . . . . Parts Attached 100 | 7 10 7 29 3 3 4 9 27 1 Power 11 | 1 3 1 4 . . . . 2 . Engine 11 | 1 3 1 4 . . . . 2 . Core . | . . . . . . . . . . Reactor . | . . . . . . . . . . Propulsion 17 | 2 2 1 7 . . . 1 4 . Treads . | . . . . . . . . . . Leg . | . . . . . . . . . . Wheel 17 | 2 2 1 7 . . . 1 4 . Hover . | . . . . . . . . . . Flight . | . . . . . . . . . . Utility 26 | 2 3 2 10 . 1 . 3 5 . Device 5 | 1 . 1 3 . . . . . . Storage 6 | 1 2 . 1 . 1 . . 1 . Processor 3 | . . . 2 . . . 1 . . Hackware . | . . . . . . . . . . Protection 12 | . 1 1 4 . . . 2 4 . Artifact . | . . . . . . . . . . Weapon 46 | 2 2 3 8 3 2 4 5 16 1 Energy Gun 5 | . . 2 2 . . . . . 1 Energy Cannon 1 | . . . 1 . . . . . . Ballistic Gun 30 | 2 2 1 5 1 2 3 3 11 . Ballistic Cannon . | . . . . . . . . . . Launcher 10 | . . . . 2 . 1 2 5 . Special Weapon . | . . . . . . . . . . Impact Weapon . | . . . . . . . . . . Slashing Weapon . | . . . . . . . . . . Piercing Weapon . | . . . . . . . . . . Special Melee Weapon . | . . . . . . . . . . Unidentified Prototypes 3 | . . . 3 . . . . . . Parts Lost 40 | . 2 4 4 1 . 2 4 23 . Power 4 | . . 1 . . . . 1 2 . Propulsion 9 | . 2 1 2 . . . 1 3 . Utility 11 | . . . 2 . . . 1 8 . Weapon 16 | . . 2 . 1 . 2 1 10 . Highest Loss Streak 7 | . 2 2 2 1 . 2 3 7 . To Critical Strikes . | . . . . . . . . . . Average Slot Usage (%) 76 | . 99 98 97 87 87 87 79 57 3 Engine 8 | . 14 13 11 11 11 11 9 5 . Wheel 15 | . 27 27 21 22 22 22 18 7 . Device 1 | . 10 2 6 . . . . . . Storage 16 | . 14 14 11 11 19 22 18 16 . Protection 5 | . 3 11 7 11 2 . 7 8 . Energy Gun 1 | . . 10 9 . . . . . 3 Ballistic Gun 25 | . 27 17 22 25 33 32 26 20 . Naked Turns 24 | . . . . . . . . 10 14 Heaviest Build 250 | 11 30 32 52 52 237 237 248 250 . Greatest Support 32 | 20 26 26 32 32 32 32 32 32 3 Greatest Overweight (x) 76 | . 1 1 3 1 7 7 7 76 . Average Overweight (x) 5 | . . 1 1 1 4 7 7 16 . Largest Inventory Capacity 35 | 8 15 15 15 15 35 35 35 35 5 Average Capacity 28 | 7 11 15 15 15 30 35 35 34 5 Most Carried 35 | 8 15 15 15 15 25 33 35 35 5 Average Carried 24 | 4 10 14 14 14 20 28 34 31 4 Final Capacity 35 | 8 15 15 15 15 35 35 35 5 5 Final Carried 35 | 8 15 14 15 15 25 33 35 5 4 Class Distribution -------------------- 32% | Hauler-Tank 22% | Hauler-Mutant 16% | Mutant 14% | Hauler-Gunner 5% | Scavenger-Gunner Dominant Class ---------------- Mutant | -10/Materials Scavenger-Mutant | -10/Mines Scavenger-Gunner | -9/Materials Mutant | -9/Mines Hauler-Mutant | -9/Exiles Hauler-Gunner | -8/Mines Hauler-Tank | -8/Materials Hauler-Tank | -8/Garrison Mutant | -8/Materials Resources | -11 -10 -10 -9 -9 -9 -8 -8 -8 -8 ----------- Run | Scr Mat Min Mat Min Exi Min Mat Gar Mat Matter Collected 2563 | 366 239 81 655 75 96 179 204 668 . Remotely 142 | . . . 142 . . . . . . Salvage Created 3487 | 249 502 145 999 16 . 184 388 964 40 Parts 253 | 23 32 8 63 2 . 29 28 63 5 Haulers Intercepted 3 | . 1 . 2 . . . . . . Recyclers Shooed 3 | . 1 . 1 . . . 1 . . Parts Field Recycled . | . . . . . . . . . . Retrieved Matter . | . . . . . . . . . . Parts Self-Destructed . | . . . . . . . . . . Prevented . | . . . . . . . . . . Kills | -11 -10 -10 -9 -9 -9 -8 -8 -8 -8 ------- Run | Scr Mat Min Mat Min Exi Min Mat Gar Mat Combat Hostiles Destroyed 105 | . 12 4 23 5 . 15 13 31 2 Guns 76 | . 12 4 23 2 . 11 6 16 2 AOE 29 | . . . . 3 . 4 7 15 . Classes Destroyed 13 | 3 4 . 3 1 . . . 2 . Worker 2 | 1 . . 1 . . . . . . Builder 1 | . . . 1 . . . . . . Tunneler 9 | 9 . . . . . . . . . Hauler 3 | . 1 . 2 . . . . . . Recycler 4 | 1 1 . 1 . . . 1 . . Operator 1 | . . . 1 . . . . . . Watcher 2 | . 1 . 1 . . . . . . Swarmer 47 | . 6 . 4 3 . 15 6 11 2 Grunt 41 | . 6 4 12 . . . 6 13 . Duelist 1 | . . . . . . . . 1 . Sentry 11 | . . . 7 . . . 1 3 . Demolisher 2 | . . . . 2 . . . . . Programmer 3 | . . . . . . . . 3 . Best Kill Streak 7 | 6 4 2 6 2 . 4 7 7 2 Combat Bots Only 7 | . 4 2 6 2 . 4 7 7 2 Max Kills in Single Turn 5 | 1 1 1 2 1 . 2 2 5 1 Gunslinging 1 | . . . . . . 1 . . . Exploded 5 | . . . . 1 . 2 2 5 . Melee . | . . . . . . . . . . Uniques/NPCs Destroyed . | . . . . . . . . . . Combat | -11 -10 -10 -9 -9 -9 -8 -8 -8 -8 -------- Run | Scr Mat Min Mat Min Exi Min Mat Gar Mat Damage Taken 5869 | . 496 307 759 281 . 241 1026 2661 98 Core 946 | . 110 34 178 38 . 35 76 409 66 Absorbed by Shields . | . . . . . . . . . . Redirected to Shielding 20 | . . . . . . . . 20 . Regen/Repaired (Parts) 148 | . 22 . 126 . . . . . . Core Remaining (%) 59 | 100 . 42 . . . 37 . . . Volleys Fired 349 | 48 66 18 65 7 . 21 31 88 5 Largest 3 | 2 2 2 3 3 . 3 3 3 1 Hottest 153 | 40 40 85 153 69 . 69 63 66 55 Shots Fired 821 | 96 132 36 195 13 . 58 79 207 5 Gun 790 | 96 132 36 195 9 . 56 72 189 5 Cannon . | . . . . . . . . . . Launcher 31 | . . . . 4 . 2 7 18 . Special . | . . . . . . . . . . Kinetic 726 | 96 132 28 144 9 . 56 72 189 . Thermal 59 | . . 8 51 . . . . . . Explosive 31 | . . . . 4 . 2 7 18 . Electromagnetic 5 | . . . . . . . . . 5 Robot Hit Streak 13 | 9 10 12 13 10 . 4 13 12 2 Robot Miss Streak 10 | 3 3 3 10 2 . 7 4 4 1 Penetration Max . | . . . . . . . . . . Secondary Targets 9 | . 1 . 2 . . 2 . 4 . Max Gunslinging Chain 1 | . 1 . 1 . . 1 . 1 . Shots Hit Robots 503 | 65 87 28 131 5 . 20 53 110 4 Core Hits 277 | 22 33 17 90 6 . 15 31 61 2 Critical Kills 2 | . . . . . . . 2 . . Critical Parts Destroyed 3 | 1 . . 1 . . . . 1 . Critical Strikes 5 | 1 . . 1 . . . 2 1 . Destroy 5 | 1 . . 1 . . . 2 1 . Melee Attacks . | . . . . . . . . . . Impact . | . . . . . . . . . . Slashing . | . . . . . . . . . . Piercing . | . . . . . . . . . . Sneak Attacks . | . . . . . . . . . . Combat Hostiles . | . . . . . . . . . . Follow-up Attacks . | . . . . . . . . . . Damage Inflicted 7661 | 554 714 292 1909 233 . 589 1031 2295 44 Guns 5719 | 554 714 292 1909 80 . 301 482 1349 38 Cannons . | . . . . . . . . . . Explosions 1936 | . . . . 153 . 288 549 946 . Melee . | . . . . . . . . . . Ramming 6 | . . . . . . . . . 6 Kinetic 4905 | 554 714 166 1259 80 . 301 482 1349 . Thermal 776 | . . 126 650 . . . . . . Explosive 1936 | . . . . 153 . 288 549 946 . Electromagnetic 38 | . . . . . . . . . 38 Impact . | . . . . . . . . . . Slashing . | . . . . . . . . . . Piercing . | . . . . . . . . . . Highest Corruption 6 | . 1 1 . . . . . 6 6 Average Corruption 4 | . 1 1 . . . . . 5 6 Corruption Purged . | . . . . . . . . . . Corruption Blocked . | . . . . . . . . . . Effects 71 | . 3 . . . . . . 67 1 Message Errors 13 | . 2 . . . . . . 11 . Matter Fused 17 | . 1 . . . . . . 16 . Heat Flow Errors 7 | . . . . . . . . 7 . Energy Discharges 15 | . . . . . . . . 14 1 Parts Rejected 2 | . . . . . . . . 2 . Data Loss (minor) 10 | . . . . . . . . 10 . Data Loss (major) 3 | . . . . . . . . 3 . Misfires 1 | . . . . . . . . 1 . Alerts 2 | . . . . . . . . 2 . Weapon Failures 1 | . . . . . . . . 1 . Overload Shots . | . . . . . . . . . . Overflow Damage 42 | . . . . 15 . 7 . 20 . Projectiles . | . . . . . . . . . . Explosions 42 | . . . . 15 . 7 . 20 . Melee . | . . . . . . . . . . Knockbacks . | . . . . . . . . . . Impact . | . . . . . . . . . . Kinetic . | . . . . . . . . . . Secondary . | . . . . . . . . . . Self-Inflicted Damage 169 | . . . . 46 . 7 38 75 3 Shots 7 | . . . . 1 . 1 1 4 . Rammed 2 | . . . . . . . . . 2 Targets Rammed 2 | . . . . . . . . . 2 Kicked . | . . . . . . . . . . Crushed . | . . . . . . . . . . Highest Temperature 413 | . 25 302 144 47 . 36 162 413 . Average Temperature 62 | . 7 93 48 22 . 7 44 111 . Received Heat Transfer 2160 | . 198 213 264 . . . 450 1035 . Effects 5 | . . 1 . . . . . 4 . Shutdowns 1 | . . . . . . . . 1 . Energy Bleed 1 | . . . . . . . . 1 . Matter Decay 1 | . . . . . . . . 1 . Short Circuit 1 | . . 1 . . . . . . . Damage (minor) 1 | . . . . . . . . 1 . Siege Activations . | . . . . . . . . . . Robots Corrupted . | . . . . . . . . . . Combat Hostiles . | . . . . . . . . . . Parts Fried . | . . . . . . . . . . Impact Corruptions . | . . . . . . . . . . Robots Melted . | . . . . . . . . . . Combat Hostiles . | . . . . . . . . . . Parts Melted . | . . . . . . . . . . Heat Transferred 980 | . . 150 830 . . . . . . Parts Sabotaged . | . . . . . . . . . . Parts Stolen . | . . . . . . . . . . Parts Stripped . | . . . . . . . . . . Power Chain Reactions . | . . . . . . . . . . Missiles Intercepted . | . . . . . . . . . . Alert | -11 -10 -10 -9 -9 -9 -8 -8 -8 -8 ------- Run | Scr Mat Min Mat Min Exi Min Mat Gar Mat Peak Influence 2390 | 55 252 172 548 427 . 172 458 2390 1204 Initial 1164 | . 35 97 66 199 . . 33 163 1164 Average 578 | 23 151 149 318 274 . 41 165 1036 1184 Maximum Alert Level 5 | . 1 . 2 2 . . 2 5 4 Low Security (%) 36 | 100 63 100 26 30 . 100 64 2 . Level 1 12 | . 36 . 34 64 . . 17 4 . Level 2 26 | . . . 39 5 . . 18 42 . Level 3 3 | . . . . . . . . 7 . Level 4 8 | . . . . . . . . 16 100 Level 5 12 | . . . . . . . . 25 . High Security . | . . . . . . . . . . Max Security . | . . . . . . . . . . Squads Dispatched 11 | . 3 . 4 . . . 4 . . Investigation 4 | . 1 . 2 . . . 1 . . Extermination . | . . . . . . . . . . Reinforcement 4 | . 2 . 2 . . . . . . Assault . | . . . . . . . . . . Garrison 3 | . . . . . . . 3 . . Intercept . | . . . . . . . . . . Searches Triggered . | . . . . . . . . . . Construction Impeded . | . . . . . . . . . . Haulers Reinforced . | . . . . . . . . . . Active Scanning Responses . | . . . . . . . . . . Cargo Convoy Interrupts . | . . . . . . . . . . Stealth | -11 -10 -10 -9 -9 -9 -8 -8 -8 -8 --------- Run | Scr Mat Min Mat Min Exi Min Mat Gar Mat Distress Signals 7 | . 3 . 2 . . . 2 . . Communications Jammed . | . . . . . . . . . . Distress Signals . | . . . . . . . . . . Times Spotted 131 | . 20 4 31 3 . 16 21 33 3 Peak Tracking Total 7 | . 4 2 7 1 . 5 7 7 3 Tactical Retreats 6 | . 1 . 2 . . . 2 1 . Traps | -11 -10 -10 -9 -9 -9 -8 -8 -8 -8 ------- Run | Scr Mat Min Mat Min Exi Min Mat Gar Mat Traps Triggered 14 | . 2 . 2 1 . . 1 8 . Indirectly . | . . . . . . . . . . Trap Hack Attempts . | . . . . . . . . . . Triggered . | . . . . . . . . . . Disarmed . | . . . . . . . . . . Reprogrammed . | . . . . . . . . . . Reused 1 | . . . . 1 . . . . . Traps Extracted . | . . . . . . . . . . Installed 5 | . . . . 5 . . . . . Triggered 1 | . . . . 1 . . . . . Machines | -11 -10 -10 -9 -9 -9 -8 -8 -8 -8 ---------- Run | Scr Mat Min Mat Min Exi Min Mat Gar Mat Machines Disabled 5 | . . . 1 . . . 3 1 . Max in Single Turn 2 | . . . 1 . . . 2 1 . Machines Sabotaged . | . . . . . . . . . . Overloaded Fab Kills . | . . . . . . . . . . Hacking | -11 -10 -10 -9 -9 -9 -8 -8 -8 -8 --------- Run | Scr Mat Min Mat Min Exi Min Mat Gar Mat Machines Accessed 16 | . 5 . 7 . 1 1 2 . . Terminals 10 | . 4 . 4 . . 1 1 . . Fabricators . | . . . . . . . . . . Repair Stations 2 | . 1 . 1 . . . . . . Recycling Units . | . . . . . . . . . . Scanalyzers 2 | . . . 2 . . . . . . Garrison Access 1 | . . . . . . . 1 . . Total Hacks 56 | . 17 . 28 . 1 4 6 . . Successful 24 | . 7 . 14 . 1 . 2 . . Failed 31 | . 10 . 14 . . 4 3 . . Catastrophic 5 | . 2 . 3 . . . . . . Database Lockouts 1 | . . . . . . . 1 . . Manual 23 | . 9 . 6 . . 4 4 . . Terminals 34 | . 14 . 12 . . 4 4 . . Fabricators . | . . . . . . . . . . Repair Stations 10 | . 3 . 7 . . . . . . Recycling Units . | . . . . . . . . . . Scanalyzers 9 | . . . 9 . . . . . . Garrison Access 2 | . . . . . . . 2 . . Terminal Hacks 9 | . 5 . 2 . 1 . 1 . . Record 1 | . . . . . 1 . . . . Part Schematic 2 | . 1 . . . . . 1 . . Prototype ID Bank 2 | . 1 . 1 . . . . . . Branch Access Points 1 | . . . 1 . . . . . . Emergency Access Points 1 | . 1 . . . . . . . . Locate Traps 1 | . 1 . . . . . . . . Zone Layout 1 | . 1 . . . . . . . . Fabricator Hacks . | . . . . . . . . . . Repair Station Hacks 8 | . 2 . 6 . . . . . . Scan Component 4 | . 1 . 3 . . . . . . Repair 4 | . 1 . 3 . . . . . . Recycling Unit Hacks . | . . . . . . . . . . Scanalyzer 5 | . . . 5 . . . . . . Insert Component 3 | . . . 3 . . . . . . Analyze 2 | . . . 2 . . . . . . Garrison Access Hacks 1 | . . . . . . . 1 . . Unlock Access 1 | . . . . . . . 1 . . Unauthorized Hacks 1 | . . . 1 . . . . . . Terminals 1 | . . . 1 . . . . . . Assimilate 1 | . . . 1 . . . . . . Fabricators . | . . . . . . . . . . Repair Stations . | . . . . . . . . . . Recycling Units . | . . . . . . . . . . Scanalyzers . | . . . . . . . . . . Garrison Access . | . . . . . . . . . . Data Cores Recovered 1 | . . . 1 . . . . . . Used . | . . . . . . . . . . Hacking Detections 15 | . 5 . 7 . . 1 2 . . Full Trace Events 3 | . . . 3 . . . . . . Feedback Events . | . . . . . . . . . . Feedback Blocked . | . . . . . . . . . . Robot Schematics Acquired . | . . . . . . . . . . Robots Built . | . . . . . . . . . . Authchips . | . . . . . . . . . . Time . | . . . . . . . . . . Total Robot Build Rating . | . . . . . . . . . . Part Schematics Acquired 3 | . 1 . 1 . . . 1 . . Parts Built . | . . . . . . . . . . Authchips . | . . . . . . . . . . Time . | . . . . . . . . . . Total Part Build Rating . | . . . . . . . . . . Parts Repaired 4 | . 1 . 3 . . . . . . Time 122 | . 26 . 96 . . . . . . Parts Recycled . | . . . . . . . . . . Recycled Matter . | . . . . . . . . . . Retrieved Matter . | . . . . . . . . . . Retrieved Components . | . . . . . . . . . . Parts Scanalyzed 1 | . . . 1 . . . . . . Part Schematics Acquired 1 | . . . 1 . . . . . . Parts Damaged . | . . . . . . . . . . Bothacking | -11 -10 -10 -9 -9 -9 -8 -8 -8 -8 ------------ Run | Scr Mat Min Mat Min Exi Min Mat Gar Mat Used RIF Installer . | . . . . . . . . . . Robots Hacked . | . . . . . . . . . . Non-combat . | . . . . . . . . . . Combat . | . . . . . . . . . . Robot Hacks Applied . | . . . . . . . . . . Relay Couplers Released . | . . . . . . . . . . Fabnet Peak Effective % . | . . . . . . . . . . Robots Rewired . | . . . . . . . . . . Allies Hacked . | . . . . . . . . . . Hacks Repelled . | . . . . . . . . . . Allies | -11 -10 -10 -9 -9 -9 -8 -8 -8 -8 -------- Run | Scr Mat Min Mat Min Exi Min Mat Gar Mat Total Allies . | . . . . . . . . . . Largest Group . | . . . . . . . . . . Highest-Rated Group . | . . . . . . . . . . Highest-Rated Ally . | . . . . . . . . . . Total Orders . | . . . . . . . . . . Ally Attacks . | . . . . . . . . . . Total Damage . | . . . . . . . . . . Kills . | . . . . . . . . . . Allies Corrupted . | . . . . . . . . . . Allies Melted . | . . . . . . . . . . Intel | -11 -10 -10 -9 -9 -9 -8 -8 -8 -8 ------- Run | Scr Mat Min Mat Min Exi Min Mat Gar Mat Robot Analysis Total . | . . . . . . . . . . Derelict Logs Recovered . | . . . . . . . . . . Drone Launches . | . . . . . . . . . . Drone Recoveries . | . . . . . . . . . . Exploration | -11 -10 -10 -9 -9 -9 -8 -8 -8 -8 ------------- Run | Scr Mat Min Mat Min Exi Min Mat Gar Mat Turns Passed 9888 | 308 768 176 1079 346 966 1553 414 4246 32 Spaces Moved 3928 | 204 562 97 582 272 552 710 140 786 23 Core 98 | 1 . . . . . . . 74 23 Treads . | . . . . . . . . . . Legs . | . . . . . . . . . . Wheels 3830 | 203 562 97 582 272 552 710 140 712 . Hover . | . . . . . . . . . . Flight . | . . . . . . . . . . Fastest Speed 50 | 50 80 105 95 115 115 205 205 50 50 Average Speed 209 | 79 88 105 99 115 173 205 205 489 50 Slowest Speed 3850 | 80 105 105 125 115 205 205 205 3850 50 Overloaded Moves . | . . . . . . . . . . Propulsion Burnouts . | . . . . . . . . . . Robots Hopped . | . . . . . . . . . . Cave-ins Triggered . | . . . . . . . . . . Exploration Rate (%) 44 | 6 75 9 55 51 64 96 17 71 5 Regions Visited 9 Branch Regions 4 Pre-discovered Areas 1 | . . . . . 1 . . . . Known Exits Taken 2 | . . . 1 . . . 1 . . Unknown Exits Taken 6 | 1 1 1 . 1 1 1 . . . Scrap Searched 3 | . . . . 2 . 1 . . . Spaces Dug 98 | . . . . 27 . 25 28 18 . Terrain Destroyed 182 | . . . . 37 . 25 35 85 . Melee . | . . . . . . . . . . Projectile . | . . . . . . . . . . AOE 182 | . . . . 37 . 25 35 85 . Terrain Rammed . | . . . . . . . . . . Walls Destroyed . | . . . . . . . . . . Machines Disabled . | . . . . . . . . . . Actions | -11 -10 -10 -9 -9 -9 -8 -8 -8 -8 --------- Run | Scr Mat Min Mat Min Exi Min Mat Gar Mat Total 5004 | 272 733 139 942 294 563 764 216 1043 38 Wait 377 | . 74 15 215 2 . 20 18 26 7 Move 3918 | 203 561 96 581 271 551 709 140 783 23 Hop . | . . . . . . . . . . Pick Up 127 | 11 12 3 21 3 8 10 12 47 . Fast Attach 25 | 7 2 . 9 . 1 . 2 4 . Attach 39 | . 2 4 6 . 1 2 3 20 1 Detach 7 | . 1 . 2 . . . . 4 . Swap 36 | . 6 3 14 3 1 2 4 3 . Drop 63 | 3 9 . 29 3 1 . 6 12 . Fire 349 | 48 66 18 65 7 . 21 31 88 5 Melee . | . . . . . . . . . . Ram 2 | . . . . . . . . . 2 Kick . | . . . . . . . . . . Crush . | . . . . . . . . . . Escape Stasis 56 | . . . . . . . . 56 . Rewire . | . . . . . . . . . . Trap 5 | . . . . 5 . . . . . Miscellaneous . | . . . . . . . . . . Route ------- -11/Scrapyard -10/Materials (discovered 3 exits: *Mat x2 / [*Min]) -10/Mines -9/Materials (discovered 2 exits: *Min x2) -9/Mines -9/Exiles -8/Mines (discovered 2 exits: *Mat x2) -8/Materials -8/Garrison (discovered 3 exits: [*Mat x3]) -8/Materials History --------- Turn | Location | Event 25 | -11/Scrapyard | Discovered new exit (range 15) 309 | -11/Scrapyard | Entered Materials 310 | -10/Materials | Build established: Mutant 516 | -10/Materials | Repaired Lgt. Assault Rifle 530 | -10/Materials | Discovered new exit (range 7) 588 | -10/Materials | Discovered new exit (range 8) 751 | -10/Materials | Discovered new exit (range 3) 1077 | -10/Materials | Entered Mines 1079 | -10/Mines | Met a Derelict bent on vengeance 1146 | -10/Mines | Discovered new exit (range 7) 1147 | -10/Mines | Core integrity fell below 50% 1216 | -10/Mines | Found a damaged Exp. Sensor Array with a note attached 1219 | -10/Mines | Found Prototype Device 1253 | -10/Mines | Entered Materials 1253 | -9/Materials | Evolved 2 slots: Utility x1, Weapon x1 1310 | -9/Materials | Repaired Broken Spread Laser 1337 | -9/Materials | Repaired Lgt. Armor Plating 1364 | -9/Materials | Repaired Lgt. Assault Rifle 1467 | -9/Materials | Identified exit to Mines 1887 | -9/Materials | Build established: Scavenger-Gunner 2012 | -9/Materials | Identified Exp. Sensor Array 2332 | -9/Materials | Entered Mines 2333 | -9/Mines | Assembled infested the area 2370 | -9/Mines | Found a hidden stash of uninstalled traps 2659 | -9/Mines | Core integrity fell below 50% 2673 | -9/Mines | Deemed a non-threat by the Exiles lab entrance 2673 | -9/Mines | Discovered new exit (range 5) 2678 | -9/Mines | Entered Exiles 2709 | -9/Exiles | Met 8R-AWN 2727 | -9/Exiles | Met EX-HEX 2789 | -9/Exiles | Met EX-DEC 2810 | -9/Exiles | Learned location of Zion (-6) 2858 | -9/Exiles | Discovered new exit (range 14) 2871 | -9/Exiles | Build established: Mutant 3012 | -9/Exiles | Met EX-BIN 3194 | -9/Exiles | Build established: Hauler-Mutant 3644 | -9/Exiles | Entered Mines 4179 | -8/Mines | Discovered new exit (range 16) 4194 | -8/Mines | Build established: Hauler-Gunner 4640 | -8/Mines | Discovered new exit (range 7) 5197 | -8/Mines | Entered Materials 5197 | -8/Materials | Evolved 2 slots: Utility x2 5358 | -8/Materials | Garrison activated, responded to threat 5428 | -8/Materials | Central database locked down 5497 | -8/Materials | Destroyed 7 combat bots 5510 | -8/Materials | Garrison activated, responded to threat 5553 | -8/Materials | Lost 3 parts (1n1u1w) 5588 | -8/Materials | Build established: Hauler-Tank 5611 | -8/Materials | Identified exit to Garrison 5611 | -8/Materials | Entered Garrison 5670 | -8/Garrison | Triggered checkpoint 5711 | -8/Garrison | Lost 4 parts (1n1u2w) 5860 | -8/Garrison | Triggered checkpoint 5876 | -8/Garrison | Triggered checkpoint 5913 | -8/Garrison | Destroyed 7 combat bots 5992 | -8/Garrison | Discovered new exit (range 13) 6119 | -8/Garrison | Triggered checkpoint 6212 | -8/Garrison | Triggered checkpoint 6596 | -8/Garrison | Discovered new exit (range 8) 6656 | -8/Garrison | Triggered checkpoint 7198 | -8/Garrison | Attempted to access garrison exit controls, blocked by remote lockdown 7236 | -8/Garrison | Core integrity fell below 50% 7263 | -8/Garrison | Lost 7 parts (5u2w) 7768 | -8/Garrison | Attempted to access garrison exit controls, blocked by remote lockdown 7894 | -8/Garrison | Triggered checkpoint 9051 | -8/Garrison | Core integrity fell below 20% 9088 | -8/Garrison | Lost 3 parts (3w) 9318 | -8/Garrison | Build established: Hauler-Mutant 9847 | -8/Garrison | Released all parts (4) 9853 | -8/Garrison | Discovered new exit (range 10) 9857 | -8/Garrison | Entered Materials 9889 | -8/Materials | Destroyed by S-10 Pest with Light Assault Rifle Last Messages --------------- 09590_ System corrupted: Matter fused (-6). 09661_ ALERT: Garrison interior compromised. 09680_ System corrupted: Component data lost. 09724_ System corrupted: Matter fused (-5). 09741_ Acquired 2 matter. 09763_ System corrupted: Matter fused (-10). 09811_ ALERT: Garrison interior compromised. 09822_ System corrupted: IFF burst signal emitted. 09843_ Critical hit (Burn: +37). 09846_ Acquired Aluminum Leg. 09847_ Released Humpback. 09847_ Released Core Shielding. 09847_ Released Mni. Grenade Launcher. 09849_ Critical hit (Burn: +37). 09853_ EXIT=FOUND LOCATION=UNKNOWN GOAL=ESCAPE 09869_ Slammed into S-10 Pest. 09872_ S-10 Pest destroyed. 09884_ System corrupted: Energy discharge (-1). Map ----- +----------------------------------------------------+ | ?????????????????????????????????????????????????? | | ?????????????????????????????????????????????????? | | ?????????????????????????????????????????????????? | | ?????????????????????????????????????????????????? | | ?????????????????????????????????????????????????? | | ?????????????????????????????????????????????????? | | ?????????????????????????????????????????????????? | | ?????????????????????????????????????????????????? | | ?????????????????????????????????????????????????? | | ?????????????????????????????????????????????????? | | ?????????????????????????????????????????????????? | | ?????????????????????????????????????????????????? | | ?????????????????????????????????????????????????? | | ?????????????????????????????????????????????????? | | ?????????????????????????????????????????????????? | | ?????????????????????????????????????????????????? | | ?????????????????????????????##############??????? | | ?????????????????????????????# #??????? | | ?????????????????????????????# #??????? | | ?????????????????#???????????# #??????? | | ?????????????????# ??????????# #??????? | | ?????????????????# ####?????# #??????? | | ?????????????????# ?????#######+####+######?? | | ?????????????????# [*???????# #?? | | ?????????????????# s%######## #?? | | ?????????????????+ =%@ #?? | | ?????????????????# ###+#########+#############?? | | ?????????????????????? ????# #?????????? | | ?????????????????????# ?????# #?????????? | | ?????????????????????+ ?????# #?????????? | | ?????????????????????# ??????# """ """ #?????????? | | ?????????????????????# ??????# """ """ #?????????? | | ?????????????????????#???????# """ """ #?????????? | | ?????????????????????????????# #?????????? | | ?????????????????????????????# ?#?????????? | | ???????????????????????????????######????????????? | | | | | | | | | | | | | | | | | | | | | | | | | | | | | +----------------------------------------------------+ Best States ------------- Heat Dissipation 38 Energy Generation 14 Energy Capacity 280 Matter Stores 300 Matter Capacity 300 Sight Range 16 Terrain Scan Density 10 Corruption Block 8 Armor Coverage 600 Core Shielding 20 Evasion (%) 50 Targeting Accuracy 8 Authchip Count 10 Item Schematics ----------------- Huge Storage Unit | -10/Materials | Hacked Exp. Sensor Array | -9/Materials | Scanalyzed Arm. Wheel | -8/Materials | Hacked Robot Schematics ------------------ None Fabricated ------------ Nothing Alien Tech Used ----------------- None Achievements -------------- None Challenges ------------ None Game ------ Seed ChromaticVortexImmobilizer Manual? 0 Play Time 00:52:27 Cumulative 370.6 hours Start 2023.01.02 @ 02:50:18 End 2023.01.02 @ 03:46:04 Sessions 1 Manual Loads 0 Difficulty Rogue Special Mode None Game No. 330 Rogue 330 Adventurer 0 Explorer 0 Win Type - Total 6 Types 4/1/0/0/0/0/1/0/0 Lore% 73 Gallery% 86 Achievement% 71 Wizard Run 0 Options --------- ASCII 0 Keyboard 0 Movement Numpad Keybinds 0 Fullscreen 2 Font 24/Terminus Map View 76x50 Tactical HUD 1 Map Filters NONE Filters NONE Steam 1 RUN: 6d35f255-e91e-4d19-b905-6bbaea49d2c5